 Dungeon Crawl Stone Soup version 0.31-a0-925-g0a390f2509 (webtiles) character file.

Game seed: 17551341448712352313

410 Forgeling the Skirmisher (level 6, -3/34 HPs)
             Began as a Deep Elf Hunter on Oct 18, 2023.
             Slain by a scorpion (7 damage)
             ... on level 5 of the Dungeon.
             The game lasted 00:08:35 (3372 turns).

Forgeling the Skirmisher (Deep Elf Hunter)          Turns: 3372, Time: 00:08:35

Health: -3/34      AC:  4    Str:  8      XL:     6   Next: 58%
Magic:  8/8        EV: 27    Int: 13 (14) God:
Gold:   205        SH:  0    Dex: 19 (20) Spells: 5/5 levels left

rFire   . . .        a - +0 shortbow
rCold   . . .        (shield currently unavailable)
rNeg    . . .        c - +0 leather armour
rPois   .            (no helmet)
rElec   .            (no cloak)
rCorr   .            e - +0 pair of gloves
SInv    .            (no boots)
Will    .....        f - amulet of the acrobat
Stlth   ++           (no ring)
HPRegen 0.25/turn    (no ring)
MPRegen 0.11/turn

%: acrobat
@: lethally poisoned (-3 -> -6), acrobatic
A: no striking features
a: no special abilities


You were on level 5 of the Dungeon.
You visited 1 branch of the dungeon, and saw 5 of its levels.

You collected 205 gold pieces.

Inventory:

Hand Weapons
 a - a +0 shortbow (weapon)
Missiles
 h - 2 boomerangs
 j - 2 curare-tipped darts
Armour
 c - a +0 leather armour (worn)
 e - a +0 pair of gloves (worn)
Jewellery
 f - an amulet of the acrobat (around neck)
Scrolls
 b - a scroll of vulnerability {unknown}
 d - a scroll of poison {unknown}
 g - a scroll of fog {unknown}
 i - a scroll of amnesia {unknown}
 k - a scroll of brand weapon {unknown}
 l - 3 scrolls of blinking {unknown}
 m - a scroll of immolation {unknown}
 n - a scroll of noise {unknown}
 S - a scroll of butterflies
 Y - a scroll of teleportation {@r3}
Potions
 H - a potion of haste


   Skills:
 + Level 1.5 Fighting
 + Level 10.4 Ranged Weapons
 - Level 2.4 Dodging
 - Level 1.2 Stealth


You had 5 spell levels left.
You didn't know any spells.
Your spell library was empty.

Dungeon Overview and Level Annotations

Branches:
Dungeon (5/15)
 Temple: D:4-7

Altars:
Dithmenos
Trog

Annotations:
D:2 Terence
D:3 2 transporters


Message History

You feel very sick.
Fire: a) +0 shortbow
Press: ? - help, Q - select action, (/) - cycle Shift-Dir - straight line, f/p - scorpion
Aim: a scorpion (lightly wounded, 66% to hit)
You shoot an arrow. The scorpion is lightly wounded.
You feel very sick.
Fire: a) +0 shortbow
Press: ? - help, Q - select action, (/) - cycle Shift-Dir - straight line, f/p - scorpion
Aim: a scorpion (lightly wounded, 66% to hit)
You shoot an arrow.
The arrow completely misses the scorpion.
You feel very sick. The scorpion stings you.
* * * LOW HITPOINT WARNING * * *
Fire: a) +0 shortbow
Press: ? - help, Q - select action, (/) - cycle Shift-Dir - straight line, f/p - scorpion
Aim: a scorpion (lightly wounded, 66% to hit)
You shoot an arrow. The arrow closely misses the scorpion.
Fire: a) +0 shortbow
Press: ? - help, Q - select action, (/) - cycle Shift-Dir - straight line, f/p - scorpion
Aim: a scorpion (lightly wounded, 66% to hit)
You shoot an arrow. The arrow hits the scorpion.
The scorpion is moderately wounded.
Fire: a) +0 shortbow
Press: ? - help, Q - select action, (/) - cycle Shift-Dir - straight line, f/p - scorpion
Aim: a scorpion (moderately wounded, 66% to hit)
You shoot an arrow. The scorpion is moderately wounded.
The scorpion stings you.
* * * LOW HITPOINT WARNING * * *
Fire: a) +0 shortbow
Press: ? - help, Q - select action, (/) - cycle Shift-Dir - straight line, f/p - scorpion
Aim: a scorpion (moderately wounded, 66% to hit)
You shoot an arrow. The scorpion is moderately wounded.
* * * LOW HITPOINT WARNING * * *
Okay, then.
The scorpion attacks as it pursues you! The scorpion stings you!
You die...

#. #.
#. .##
..#
#.#
#.# ..
#s#
#..
#@#
....
#.#
#.#..
#.#
#...
#.#
#....
#.#
.#...
#.#
.##.#
#.##
.##.#
#(.#
.##.##
##.#


You could see a scorpion.

Vanquished Creatures
  An ogre (D:5)
  A scorpion (D:5)
  A hound (D:5)
  2 iguanas
  An orc wizard (D:3)
  4 gnolls (D:3)
  5 adders
  3 worms
  2 dart slugs
  6 orcs
  4 ball pythons
  7 endoplasms
  3 giant cockroaches (D:2)
  2 goblins (D:2)
  3 hobgoblins
  7 jackals
  A quokka (D:4)
  5 bats
  3 frilled lizards
  5 kobolds
  2 rats
68 creatures vanquished.

Notes
Turn   | Place    | Note
-------+----------+-------------------------------------------
     0 | D:1      | Forgeling the Deep Elf Hunter began the quest for the Orb.
     0 | D:1      | Reached XP level 1. HP: 12/12 MP: 3/3
   161 | D:1      | Reached XP level 2. HP: 16/16 MP: 4/4
   188 | D:1      | Reached skill level 6 in Ranged Weapons
   842 | D:2      | Reached XP level 3. HP: 20/20 MP: 5/5
   954 | D:2      | Found a shadowy altar of Dithmenos.
  1075 | D:2      | Noticed Terence
  1225 | D:2      | Reached skill level 7 in Ranged Weapons
  1618 | D:3      | Found a bloodstained altar of Trog.
  1749 | D:3      | Found a transporter.
  1754 | D:3      | Found a transporter.
  1922 | D:3      | Reached XP level 4. HP: 22/25 MP: 6/6
  2397 | D:3      | Reached skill level 8 in Ranged Weapons
  2516 | D:4      | Noticed a wyvern
  2594 | D:3      | Reached XP level 5. HP: 13/29 MP: 7/7
  2800 | D:4      | Reached skill level 9 in Ranged Weapons
  2911 | D:5      | Entered Level 5 of the Dungeon
  2958 | D:5      | HP: 1/29 [iguana (7)]
  3088 | D:5      | Reached XP level 6. HP: 17/34 MP: 8/8
  3219 | D:5      | Reached skill level 10 in Ranged Weapons
  3372 | D:5      | Slain by a scorpion

Illustrated notes

Levels and vault maps discovered:
D:1:      onia_arrival_pentagram, layout_basic, serial_curves, eino_curves_01,
          eino_curves_04
D:2:      layout_basic, basic_altar, uniq_terence
D:3:      gammafunk_wand_slinger, layout_loops_corners, bloody_trog,
          minmay_misc_feat_iff
D:4:      layout_rooms, minmay_statues_item, minmay_quantized
D:5:      layout_loops_ring, eat_drink_and_be_merry_uskayaw,
          mainiacjoe_overflow_concentric_impassable, nicolae_overflow_squiral,
          uniq_menkaure

Skill      XL: |  1  2  3  4  5  6 |
---------------+-------------------+-----
Ranged Weapons | 6 7 8 9 10 | 10.4
Fighting       | |  1.5
Dodging        | |  2.4
Stealth        | |  1.2

Action                     |  1- 3 |  4- 6 || total
---------------------------+-------+-------++-------
   Fire: Shortbow          |   109 |   147 ||   256
    Use: Potion            |       |     7 ||     7
         Scroll            |       |     4 ||     4
 Armour: Leather armour    |     8 |    63 ||    71
  Dodge: Dodged            |    20 |    32 ||    52

Table legend: (Time is in decaauts)
 A = Elapsed time spent in this place.
 B = Non-inter-level travel time spent in this place.
 C = Inter-level travel time spent in this place.
 D = Time resting spent in this place.
 E = Time spent auto-exploring this place.
 F = Levels seen in this place.
 G = Mean time per level.
                   A        B        C        D        E       F      G
               +--------+--------+--------+--------+--------+-----+--------+
         Total |   3391 |   3292 |     99 |    221 |   2384 |   5 |  678.2 |
       Dungeon |   3391 |   3292 |     99 |    221 |   2384 |   5 |  678.2 |
               +--------+--------+--------+--------+--------+-----+--------+

Top non-repeatable levels by time:
     D:3: 1022 daAuts
     D:2: 871 daAuts
     D:1: 695 daAuts
     D:5: 459 daAuts
     D:4: 342 daAuts
